Map: Ruins of Seras

Players

Letotwo - Winner!

  • Race: Terran Terran
  • League: Gold

LindyHop

  • Race: Zerg Zerg

VOD

Have the link to the VOD?

Description

Time

  • Played on: Nov. 27, 2015, 7:16 p.m.
  • Length: 10:25
Show
View Real Time Build Order
Export as new Build Order

Letotwo Terran - Winner!

Build Orders: Command Center First (CC), MMM Bio 

Get SALT Encoding   

  12  0:01  SCV  
  13  0:13  SCV  
  14  0:18  Supply Depot  
  14  0:25  SCV  
  15  0:40  SCV  
  16  0:52  SCV  
  17  1:01  Command Center  
  17  1:04  SCV  
  18  1:16  SCV  
  19  1:20  Barracks  
  19  1:28  SCV  
  20  1:40  SCV  
  20  1:41  Barracks  
  21  1:51  Refinery  
  21  1:53  SCV  
  22  2:06  Orbital Command  
  22  2:07  Marine  
  23  2:13  Orbital Command  
  23  2:27  Barracks  
  23  2:29  Marine x2  
  25  2:34  SCV  
  26  2:40  SCV  
  26  2:43  Bunker  
  27  2:46  SCV  
  28  2:54  SCV  
  28  2:56  Barracks Tech Lab  
  28  3:03  SCV  
  29  3:06  Barracks Reactor  
  29  3:07  SCV  
  30  3:13  Refinery  
  30  3:16  Supply Depot  
  30  3:17  Supply Depot  
  30  3:19  SCV  
  31  3:24  SCV  
  32  3:28  Supply Depot  
  32  3:30  Marine x2  
  32  3:31  SCV, Factory  
  35  3:36  SCV  
  36  3:44  Marine  
  36  3:45  Marine  
  36  3:47  SCV  
  39  3:49  SCV  
  39  3:51  Supply Depot  
  39  3:52  Barracks Reactor  
  40  3:56  Engineering Bay, Marine  
  40  3:59  SCV  
  40  4:01  SCV  
  40  4:02  Marine  
  43  4:03  Marine  
  43  4:04  Refinery  
  45  4:11  SCV  
  45  4:13  SCV, Stimpack  
  45  4:14  Marine  
  48  4:22  Terran Infantry Weapons Level 1  
  48  4:23  SCV, Marine x2  
  51  4:25  SCV  
  52  4:33  Marine x2  
  52  4:35  SCV  
  52  4:37  Marine  
  56  4:41  Marine x2  
  56  4:42  Command Center, SCV  
  59  4:50  Factory Reactor, Starport  
  59  4:52  SCV  
  60  4:55  SCV  
  60  4:56  Marine x3  
  64  5:01  Refinery, Marine  
  64  5:04  SCV  
  66  5:09  Marine  
  66  5:11  Bunker  
  66  5:12  Bunker  
  66  5:13  SCV  
  68  5:17  Marine x2  
  68  5:18  Marine  
  70  5:23  Supply Depot  
  70  5:26  Supply Depot  
  70  5:38  Supply Depot  
  70  5:44  Marine x2  
  70  5:45  SCV x2, Factory Tech Lab  
  70  5:48  Supply Depot, Medivac x2  
  70  5:49  Supply Depot  
  78  5:51  Marine x3  
  81  6:00  Supply Depot  
  81  6:02  SCV, Marine x2  
  84  6:07  Orbital Command  
  84  6:09  Marine  
  85  6:12  Supply Depot  
  85  6:13  Marine  
  85  6:14  Combat Shields  
  85  6:16  Terran Infantry Armor Level 1, SCV  
  87  6:18  SCV  
  88  6:31  Orbital Command  
  88  6:37  Marine x3  
  91  6:41  Engineering Bay  
  91  6:46  SCV  
  92  6:47  Siege Tank  
  92  6:48  Medivac x2  
  92  6:49  Marine  
  100  6:54  Armory  
  100  6:58  Marine x4  
  104  7:07  SCV, Marine  
  104  7:08  SCV x2  
  108  7:11  Supply Depot  
  108  7:16  Marine x4  
  108  7:19  SCV  
  113  7:25  Marine  
  114  7:31  SCV x2  
  114  7:32  SCV, Barracks  
  114  7:33  Barracks x2, Marine  
  114  7:34  Marine x3  
  114  7:36  Siege Tank  
  124  7:43  SCV x2, Marine  
  124  7:44  SCV  
  128  7:46  Barracks  
  128  7:51  Marine x3  
  128  7:52  Marine  
  128  7:55  SCV  
  133  8:00  Marine  
  133  8:03  Terran Infantry Weapons Level 2, Barracks  
  133  8:04  Barracks  
  134  8:09  Marine x4  
  138  8:18  Marine  
  138  8:19  Siege Tank  
  142  8:21  Terran Vehicle Weapons Level 1  
  142  8:25  Barracks Tech Lab x3  
  129  8:27  Marine x4  
  130  8:34  Missile Turret  
  130  8:35  Missile Turret  
  130  8:36  Marine  
  130  8:37  Missile Turret  
  130  8:40  Missile Turret x2  
  131  8:42  Missile Turret  
  131  8:44  Marine x3  
  131  8:45  Marine x4  
  138  8:50  Refinery  
  138  8:51  SCV x2  
  138  8:54  Barracks Tech Lab, Marine  
  141  9:02  Marine x3  
  144  9:03  Marine x3, Marauder  
  149  9:12  Barracks  
  149  9:25  Supply Depot  
  149  9:26  Supply Depot  
  149  9:30  Supply Depot  
  149  9:32  Marauder, Medivac x2, Marine x2  
  157  9:46  Marine x6  
  157  9:49  Marine x2  
  165  9:53  Marine  
  155  10:04  Marine x6  
  157  10:13  Command Center  
Show
View Real Time Build Order
Export as new Build Order

LindyHop Zerg 

Build Orders: Hatch First, Muta Ling Bane 

Get SALT Encoding   

  12  0:01  Drone  
  13  0:10  Drone  
  14  0:36  Hatchery  
  14  0:39  Drone  
  14  0:46  Overlord  
  14  0:57  Extractor  
  14  1:00  Drone  
  14  1:01  Extractor  
  14  1:02  Drone  
  15  1:07  Drone  
  16  1:12  Drone  
  17  1:23  Spawning Pool  
  16  1:33  Drone x2  
  22  2:01  Drone x4  
  22  2:12  Queen x2  
  22  2:15  Overlord  
  26  2:25  Zergling x4  
  26  2:28  Overlord  
  28  2:45  Evolution Chamber  
  27  2:52  Metabolic Boost  
  27  2:56  Queen  
  29  2:59  Drone x6  
  35  3:19  Drone  
  36  3:24  Drone x6  
  42  3:36  Drone x2  
  42  3:38  Overlord x2  
  44  3:44  Zerg Melee Weapons Level 1  
  43  4:07  Drone  
  43  4:08  Drone x3  
  47  4:11  Extractor  
  47  4:12  Extractor  
  47  4:13  Lair  
  47  4:16  Extractor  
  44  4:17  Zergling x6  
  44  4:18  Zergling x2  
  48  4:33  Drone x4  
  48  4:34  Drone x4  
  48  4:35  Baneling Nest  
  55  4:39  Overlord  
  55  5:22  Spire  
  55  5:25  Drone x3  
  57  5:36  Drone x2  
  57  5:37  Drone x2  
  57  5:40  Hatchery  
  60  5:43  Overlord x3  
  60  5:48  Hatchery  
  59  5:55  Zerg Ground Armor Level 1  
  58  6:05  Infestation Pit  
  57  6:19  Drone x4  
  57  6:20  Drone  
  57  6:23  Centrifical Hooks, Zergling x4  
  64  6:42  Zergling x10  
  69  6:51  Zergling x4  
  69  6:52  Zergling x4  
  73  6:57  Zergling x4  
  75  7:01  Baneling  
  75  7:02  Baneling x5  
  75  7:06  Zergling x2  
  75  7:07  Zergling x6  
  79  7:24  Drone x2  
  79  7:25  Drone  
  79  7:26  Mutalisk  
  79  7:27  Zergling x4  
  79  7:28  Zergling x2  
  87  7:32  Mutalisk  
  87  7:33  Mutalisk x5  
  99  7:38  Extractor  
  99  7:40  Extractor  
  93  7:52  Hydralisk Den  
  84  7:59  Zergling x4  
  84  8:00  Drone, Zergling x4  
  84  8:01  Drone x2  
  84  8:02  Drone x2  
  93  8:19  Hatchery  
  85  8:27  Mutalisk  
  85  8:28  Mutalisk x6  
  85  8:30  Zergling x6  
  100  8:35  Baneling x3  
  100  8:36  Baneling x2  
  100  8:43  Zergling x2  
  100  8:44  Zergling x2  
  102  8:52  Hatchery  
  102  8:53  Hive  
  101  9:08  Pneumatized Carapace  
  101  9:20  Zergling x4  
  101  9:21  Overlord x4  
  101  9:22  Overlord x2  
  103  9:43  Zergling x6  
  103  9:44  Zergling x24  
  107  10:05  Zergling x2, Baneling x2  
  107  10:06  Zergling x14  
Tags
 
Add a new tag
Caveats
  • Supply blocks, unpowered buildings, or Contaminate may cause inaccurate times.
  • Supply counts are checked every 10 seconds.